 Dungeon Crawl Stone Soup version 0.22.1-2-g9c5b331 (webtiles) character file.

69 Gearfox the Covered (level 4, 0/40 HPs)
             Began as a Hill Orc Fighter on Nov 24, 2018.
             Slain by an adder (4 damage)
             ... on level 3 of the Dungeon.
             The game lasted 00:12:37 (2555 turns).

Gearfox the Covered (Hill Orc Fighter)              Turns: 2555, Time: 00:12:39

Health: 0/40       AC:  8    Str: 18 (19) XL:     4   Next: 20%
Magic:  4/4        EV:  7    Int:  5 (8)  God:
Gold:   89         SH:  9    Dex: 10 (12) Spells: 3/3 levels left

rFire    . . .     SeeInvis .   a - +1 flail
rCold    . . .     Gourm    .   c - +0 shield
rNeg     . . .     Faith    .   b - +0 scale mail
rPois    +         Spirit   .   d - +0 helmet
rElec    .         Reflect  .   (no cloak)
rCorr    .         Harm     .   (no gloves)
MR       .....                  (no boots)
Stlth    ..........             (no amulet)
HPRegen  0.13/turn              (no ring)
MPRegen  0.09/turn              (no ring)

@: no status effects
A: thin skeletal structure 1, blurry vision 1, poison resistance, wild magic 1
a: no special abilities


You were on level 3 of the Dungeon.
You were hungry.

You visited 1 branch of the dungeon, and saw 3 of its levels.

You collected 89 gold pieces.

Inventory:

Hand Weapons
 a - a +1 flail (weapon)
Armour
 b - a +0 scale mail (worn)
 c - a +0 shield (worn)
 d - a +0 helmet (worn)
Scrolls
 j - 2 scrolls of identify
Comestibles
 f - 2 rations
 g - 2 chunks of flesh


   Skills:
 * Level 4.0 Fighting
 * Level 3.3 Maces & Flails
 * Level 4.1 Armour
 + Level 0.2 Dodging
 + Level 3.6 Shields


You had 3 spell levels left.
You didn't know any spells.
Your spell library was empty.

Dungeon Overview and Level Annotations

Branches:
Dungeon (3/15)

Altars:
Nemelex Xobeh

Annotations:
D:3 3 runed doors, Kotlin's ghost, amateur OpVM


Innate Abilities, Weirdness & Mutations

You have a somewhat thin skeletal structure. (Dex +2, Stealth)
Scrolls take you a little longer to read.
Your system is resistant to poisons. (rPois)
Your spells are a little harder to cast, but a little more powerful.


Message History

The orc wizard blinks!
The adder bites you but does no damage. You block the adder's attack.
The adder barely misses you.
The orc wizard gestures wildly while chanting.
The orc wizard blinks!
Your shield and scale mail prevent you from hitting the frilled lizard.
The adder bites you but does no damage. You block the frilled lizard's attack.
The orc hits you but does no damage. You block the adder's attack.
The orc wizard casts a spell.
The orc wizard blinks!
You closely miss the frilled lizard. The adder barely misses you.
The frilled lizard bites you but does no damage.
The orc hits you but does no damage. You block the orc's attack.
The orc hits you but does no damage. The adder barely misses you.
The frilled lizard closely misses you.
You hit the frilled lizard but do no damage.
The orc closely misses you. The orc hits you but does no damage.
The orc barely misses you. The adder bites you.
You die...

#............#....#
...
#........##########
.. #............
#............
#............
####.o....###.
#.........#
#......olo#
#.....oS@.#
####...o..#
########


You could see an orc wizard, an adder, 4 orcs and a frilled lizard.

Vanquished Creatures
  Robin (D:2)
  An ooze (D:1)
  3 dart slugs
  A leopard gecko (D:1)
  5 bats
  3 giant cockroaches
  16 goblins
  4 hobgoblins
  A quokka (D:2)
  4 frilled lizards
  2 kobolds
  5 rats
  3 plants (D:1)
49 creatures vanquished.

Notes
Turn   | Place    | Note
-------+----------+-------------------------------------------
     0 | D:1      | Gearfox the Hill Orc Fighter began the quest for the Orb.
     0 | D:1      | Reached XP level 1. HP: 19/19 MP: 1/1
   250 | D:1      | Reached XP level 2. HP: 27/27 MP: 2/2
  1012 | D:1      | Reached XP level 3. HP: 33/33 MP: 3/3
  1963 | D:2      | Noticed Robin
  2001 | D:2      | Killed Robin
  2001 | D:2      | Reached XP level 4. HP: 34/40 MP: 4/4
  2125 | D:2      | Gained mutation: Your spells are a little harder to cast,
                  | but a little more powerful. [potion of mutation]
  2125 | D:2      | Gained mutation: Your system is resistant to poisons.
                  | (rPois) [potion of mutation]
  2125 | D:2      | Gained mutation: Your mind is acute. (Int +2) [potion of
                  | mutation]
  2316 | D:2      | Found a sparkling altar of Nemelex Xobeh.
  2388 | D:3      | Found a runed gate.
  2388 | D:3      | Found a runed gate.
  2388 | D:3      | Found a runed gate.
  2388 | D:3      | Noticed Kotlin's ghost (amateur OpVM)
  2479 | D:3      | Lost mutation: Your mind is acute. (Int +2) [potion of
                  | mutation]
  2479 | D:3      | Gained mutation: Scrolls take you a little longer to read.
                  | [potion of mutation]
  2479 | D:3      | Gained mutation: You have a somewhat thin skeletal
                  | structure. (Dex +2, Stealth) [potion of mutation]
  2543 | D:3      | HP: 2/40 [adder (2)]
  2555 | D:3      | Slain by an adder

Skill      XL: |  1  2  3 |
---------------+----------+-----
Maces & Flails | 3 |  3.3
Fighting       | 4 |  4.0
Armour         | 4 |  4.1
Dodging        | |  0.2
Shields        | |  3.6

Action                   |  1- 3 |  4- 6 || total
-------------------------+-------+-------++-------
Melee: Flail             |   271 |    19 ||   290
  Use: Potion            |     5 |     3 ||     8
       Scroll            |     3 |     2 ||     5
  Eat: Chunk             |     1 |     1 ||     2
       Ration            |     1 |       ||     1
Armor: Scale mail        |   103 |    24 ||   127
Dodge: Dodged            |    73 |    17 ||    90
Block: Shield            |   102 |    22 ||   124
